Map: [ESL] Gresvan

Players

MaxPax

  • Race: Protoss Protoss
  • League: Master
  • Spawn Location: 11:00

Clem - Winner!

  • Race: Terran Terran
  • League: Grandmaster
  • Spawn Location: 5:00

VOD

Have the link to the VOD?

Description

Time

  • Played on: May 17, 2023, 9:55 a.m.
  • Length: 8:31
Show
View Real Time Build Order
Export as new Build Order

MaxPax Protoss 

Build Orders: 1 Gate Expand 

Get SALT Encoding   

  12  0:00  Probe  
  13  0:12  Probe  
  14  0:17  Pylon  
  14  0:24  Probe (Chrono Boost)  
  16  0:36  Gateway, Probe (Chrono Boost)  
  16  0:43  Probe (Chrono Boost)  
  16  0:45  Assimilator  
  17  0:51  Probe  
  18  1:03  Probe  
  19  1:15  Probe  
  20  1:23  Cybernetics Core  
  20  1:24  Zealot  
  22  1:37  Nexus  
  22  1:46  Probe, Pylon  
  23  1:51  Assimilator  
  23  1:59  Warp Gate (Chrono Boost)  
  23  2:01  Adept (Chrono Boost)  
  23  2:04  Probe  
  26  2:12  Pylon  
  26  2:16  Probe  
  26  2:21  Adept (Chrono Boost)  
  29  2:33  Gateway  
  29  2:41  Gateway  
  29  2:42  Probe  
  30  2:49  Probe  
  31  2:54  Probe  
  32  3:01  Probe  
  32  3:04  Adept  
  35  3:06  Probe  
  36  3:13  Probe  
  36  3:18  Probe  
  36  3:25  Probe  
  33  3:30  Probe  
  33  3:33  Twilight Council  
  34  3:37  Probe  
  34  3:39  Adept x2  
  39  3:42  Probe, Adept  
  42  3:49  Probe  
  42  3:54  Probe  
  44  4:01  Blink (Chrono Boost)  
  43  4:05  Adept x3  
  43  4:06  Probe  
  43  4:08  Probe  
  46  4:12  Pylon  
  46  4:17  Assimilator  
  46  4:19  Probe  
  48  4:25  Stalker x3  
  48  4:28  Probe  
  52  4:42  Probe  
  48  4:51  Robotics Facility, Stalker x3  
  53  4:55  Probe  
  54  5:06  Pylon  
  54  5:14  Nexus  
  54  5:16  Stalker x2  
  54  5:19  Stalker  
  54  5:20  Probe  
  62  5:21  Probe  
  62  5:25  Pylon  
  62  5:32  Probe  
  64  5:39  Observer (Chrono Boost)  
  64  5:40  Stalker x2  
  64  5:41  Forge  
  67  5:45  Probe  
  67  5:46  Probe  
  66  5:58  Probe x2, Stalker  
  70  6:05  Charge (Chrono Boost)  
  70  6:10  Gateway  
  70  6:12  Gateway  
  70  6:14  Gateway, Probe, Observer  
  71  6:19  Protoss Ground Weapons Level 1 (Chrono Boost), Probe (Chrono Boost)  
  72  6:30  Gateway, Probe (Chrono Boost)  
  72  6:32  Gateway  
  74  6:34  Probe (Chrono Boost)  
  74  6:37  Warp Prism (Chrono Boost)  
  76  6:40  Observer, Zealot  
  76  6:46  Probe  
  78  6:50  Probe x2  
  78  6:52  Sentry x2  
  84  6:55  Shield Battery  
  84  6:58  Probe  
  85  7:02  Probe x2, Zealot  
  89  7:11  Robotics Bay  
  91  7:16  Immortal (Chrono Boost)  
  91  7:18  Pylon  
  93  7:23  Pylon  
  93  7:32  Pylon  
  93  7:36  Probe, Pylon  
  94  7:37  Pylon, Zealot x3  
  94  7:42  Zealot x4  
  92  8:02  Zealot x4  
  92  8:04  Zealot x4  
  73  8:22  Zealot x4  
Show
View Real Time Build Order
Export as new Build Order

Clem Terran - Winner!

Build Orders:  

Get SALT Encoding   

  12  0:00  SCV  
  13  0:12  SCV  
  14  0:16  Supply Depot  
  14  0:24  SCV  
  15  0:38  SCV  
  15  0:39  Barracks  
  16  0:42  Refinery  
  16  0:50  SCV  
  17  1:02  SCV  
  18  1:14  SCV  
  19  1:26  Marine, Orbital Command  
  20  1:41  Command Center  
  20  1:51  Factory  
  20  1:53  SCV  
  21  2:01  Barracks Reactor  
  21  2:04  Bunker  
  21  2:05  SCV  
  22  2:11  Supply Depot  
  22  2:18  SCV  
  22  2:19  Refinery  
  23  2:33  SCV  
  23  2:35  Hellion  
  26  2:38  Marine x2  
  26  2:42  Starport  
  28  2:46  SCV  
  29  2:55  Orbital Command  
  29  2:58  SCV  
  30  3:03  Marine  
  31  3:06  Marine  
  31  3:08  Factory Tech Lab  
  31  3:10  SCV  
  33  3:20  SCV  
  33  3:22  SCV  
  33  3:31  Marine x2  
  33  3:32  SCV  
  33  3:33  Barracks  
  36  3:34  SCV  
  36  3:37  Raven, Factory Tech Lab  
  39  3:42  Supply Depot  
  39  3:44  SCV  
  40  3:48  Marine x2  
  40  3:50  SCV  
  42  3:57  SCV  
  42  3:58  Siege Tank  
  44  4:02  SCV  
  44  4:07  Supply Depot  
  44  4:09  SCV  
  44  4:14  Marine x2, SCV  
  47  4:21  SCV  
  47  4:22  Barracks  
  48  4:27  SCV  
  48  4:30  Marine  
  50  4:31  Marine  
  50  4:33  Marine, SCV  
  50  4:39  SCV  
  50  4:43  Siege Tank  
  50  4:45  SCV  
  52  4:47  Supply Depot  
  52  4:48  Marine  
  52  4:49  Marine  
  52  4:50  Refinery  
  52  4:51  Stimpack, Marine  
  55  4:53  SCV  
  55  4:57  SCV  
  57  5:00  Supply Depot  
  57  5:05  SCV  
  58  5:07  Marine  
  58  5:09  Marine, SCV  
  58  5:10  Marauder, Barracks Tech Lab  
  63  5:15  Siege Tank  
  63  5:17  SCV  
  67  5:21  SCV  
  67  5:23  Supply Depot  
  67  5:24  Engineering Bay, Starport Reactor  
  68  5:29  Supply Depot  
  68  5:30  Marauder  
  68  5:33  Marauder  
  68  5:35  Combat Shield  
  72  5:39  Marine x2  
  74  5:46  SCV x2  
  75  5:50  Supply Depot  
  75  5:54  Marauder  
  75  5:55  Marauder  
  79  5:57  Marine x2  
  79  5:58  SCV  
  79  5:59  Siege Tank  
  79  6:01  Terran Infantry Weapons Level 1  
  85  6:05  Refinery  
  85  6:07  Supply Depot  
  85  6:10  SCV  
  86  6:12  SCV  
  86  6:15  Marine x2  
  86  6:16  Marauder  
  91  6:21  Marauder  
  93  6:29  Medivac, Missile Turret  
  93  6:30  Medivac  
  97  6:33  Marine x2, Supply Depot  
  97  6:38  Marauder  
  101  6:42  Factory Reactor  
  101  6:46  Concussive Shells  
  101  6:50  Marine  
  102  6:54  Command Center  
  102  6:55  Marine, Marauder  
  102  6:56  Supply Depot  
  102  7:01  Marauder  
  107  7:08  Marine  
  107  7:12  Marine, Barracks x2  
  107  7:13  Medivac  
  107  7:15  Medivac  
  110  7:18  Marauder  
  112  7:23  Marauder  
  112  7:24  Supply Depot  
  112  7:29  SCV x2  
  116  7:31  Marine, Supply Depot  
  116  7:34  Marine  
  118  7:44  Supply Depot  
  118  7:46  Supply Depot, Widow Mine x2  
  118  7:48  Marauder  
  118  7:50  Medivac  
  123  7:55  Marine  
  123  7:56  Marine  
  119  8:00  Marauder  
  119  8:02  Barracks Tech Lab  
  119  8:05  SCV, Barracks Reactor  
  119  8:07  Widow Mine  
  119  8:11  SCV  
Tags
 
Add a new tag
Caveats
  • Supply blocks, unpowered buildings, or Contaminate may cause inaccurate times.
  • Supply counts are checked every 10 seconds.